 Dungeon Crawl Stone Soup version 0.30-a0-571-gdf30a72648 (webtiles) character file.

Game seed: 2897589515455414407

63 experimilk the Conjurer (level 3, 0/26 HPs)
             Began as a Draconian Conjurer on Dec 29, 2022.
             Killed from afar by an orc wizard (6 damage)
             ... with a magic dart
             ... on level 6 of the Dungeon.
             The game lasted 00:03:18 (2204 turns).

experimilk the Conjurer (Draconian Conjurer)        Turns: 2204, Time: 00:03:19

Health: 0/26       AC:  8    Str:  9    XL:     3   Next: 89%
Magic:  6/7        EV: 12    Int: 20    God:
Gold:   32         SH:  0    Dex:  9    Spells: 5/8 levels left

rFire   . . .      SeeInvis .    d - +0 whip
rCold   . . .      Faith    .    (no shield)
rNeg    . . .      Spirit   .    (body armour unavailable)
rPois   .          Reflect  .    (helmet restricted)
rElec   .          Harm     .    f - +0 cloak
rCorr   .          Rampage  .    j - +1 pair of gloves
Will    .....                    (no boots)
Stlth   ++                       b - amulet of the acrobat
HPRegen 0.24/turn                k - ring of wizardry
MPRegen 0.10/turn                (no ring)

@: no status effects
A: AC +5, unfitting armour, cold-blooded
a: no special abilities


You were on level 6 of the Dungeon.
You visited 1 branch of the dungeon, and saw 4 of its levels.

You collected 32 gold pieces.

Inventory:

Hand Weapons
 d - a +0 whip (weapon)
Armour
 f - a +0 cloak (worn)
 j - a +1 pair of gloves (worn)
Jewellery
 b - an amulet of the acrobat (around neck)
 k - a ring of wizardry (left hand)
Wands
 l - a wand of acid (3)
Scrolls
 c - a scroll of enchant weapon {unknown}
 e - 2 scrolls of identify {unknown}
 g - a scroll of fog {unknown}
 h - a scroll of magic mapping {unknown}
 n - a scroll of poison {unknown}
 o - a scroll of teleportation {unknown}
Potions
 a - a potion of magic
 i - a potion of curing {unknown}
 m - a potion of might {unknown}
 p - 2 potions of flight {unknown}


   Skills:
 - Level 1.7 Dodging
 - Level 1.7 Stealth
 - Level 3.0 Spellcasting
 + Level 4.9 Conjurations


You had 5 spell levels left.
You knew the following spells:

 Your Spells              Type           Power      Damage    Failure   Level
a - Magic Dart            Conj           88%        1d7       1%          1
z - Searing Ray           Conj           44%        2d6       1%          2

Your spell library contained the following spells:

 Spells                   Type           Power      Damage    Failure   Level
 Dazzling Flash           Conj/Hex       24%        N/A       6%          3
 Ensorcelled Hibernation  Hex/Ice        6%         N/A       9%          2
 Spider Form              Tmut/Pois      3%         N/A       16%         3
 Fulminant Prism          Conj/Hex       6%         3d7       21%         4
 Iskenderun's Mystic Bla  Conj/Tloc      12%        2d5       21%         4
 Anguish                  Hex/Necr       1%         N/A       45%         4


Dungeon Overview and Level Annotations

Branches:
Dungeon (6/15)
 Temple: D:4-7

Altars:

Shops:
D:6 *


Innate Abilities, Weirdness & Mutations

Your plain brown scales are hard. (AC +5)
You cannot fit into any form of body armour.
You are cold-blooded and may be slowed by cold attacks.


Message History

You bump into the rock wall.
You completely miss something.
Your tail-slap misses something.
You hear some strange, mumbled words.
You are more confused.
Something closely misses you. Something hits you.
You bump into the rock wall.
Something hits you. Something hits you but does no damage.
Something hits you but does no damage. Something barely misses you.
You bump into the rock wall.
Something hits you but does no damage.
You're too confused to move!
Something hits you.
You hear some strange, mumbled words.
A puff of flame appears from out of thin air!
The puff of flame hits you.
You miss the orc. The orc closely misses you. Something hits you.
Something hits you but does no damage.
You're too confused to cast spells.
Press: ? - help, v - describe, . - travel The floor.
You're too confused to cast spells.
You're too confused to cast spells.
Unknown command.
You're too confused to move!
The orc closely misses you.
Something hits you but does no damage. x2
You hit the orc but do no damage.
Your tail-slap misses the orc.
The orc hits you with a +0 club. Something hits you but does no damage.
You hear some strange, mumbled words.
Something tries to affect you, but you resist.
You bump into the rock wall.
The orc hits you but does no damage. Something hits you but does no damage.
You hear some strange, mumbled words.
A magic dart appears from out of thin air!
The magic dart hits you!
* * * LOW HITPOINT WARNING * * *
You bump into the rock wall.
You feel less confused. The orc hits you but does no damage.
You hear some strange, mumbled words.
A magic dart appears from out of thin air!
The magic dart hits you.
You die...

### #.####{# #..).o@# ..
.######{# ###.###...##.#.#######
#......##.#..........#
#......##.##.#.#####.#
#......##.#......# #.##########
#......##.#..#.#.# #...........
#......##.#..#.#.###.#########.
###......##.#..#.#.#...#########.


You could see an orc.

Vanquished Creatures
  An adder (D:2)
  A worm (D:2)
  2 dart slugs
  An orc (D:6)
  4 bats
  11 endoplasms
  A giant cockroach (D:1)
  A goblin (D:2)
  3 hobgoblins
  5 kobolds
  7 ball pythons
  4 frilled lizards (D:1)
  2 rats (D:2)
43 creatures vanquished.

Notes
Turn   | Place    | Note
-------+----------+-------------------------------------------
     0 | D:1      | experimilk the Draconian Conjurer began the quest for the
                  | Orb.
     0 | D:1      | Reached XP level 1. HP: 14/14 MP: 3/3
   325 | D:1      | Reached XP level 2. HP: 20/20 MP: 1/5
   328 | D:1      | Learned a level 2 spell: Searing Ray
  1243 | D:2      | Reached XP level 3. HP: 26/26 MP: 4/7
  1969 | D:3      | You fall into a shaft and drop 3 floors!
  2025 | D:6      | Found Isiyngetz's Assorted Antiques.
  2204 | D:6      | Killed from afar by an orc wizard

Illustrated notes

Levels and vault maps discovered:
D:1:      amcnicky_arrival_blooded_trapdoor, layout_loops_ring,
          minmay_misc_feat_plants, chequers_hall_statues_y, chequers_avenue
D:2:      minmay_alternating_diamond, layout_rooms
D:3:      layout_basic, serial_forest, infiniplex_forest_side_room,
          infiniplex_forest_zigzag_1, infiniplex_forest_join,
          infiniplex_forest_lined_3, infiniplex_forest_straight_2,
          infiniplex_forest_clump_small, infiniplex_forest_clump_long
D:6:      layout_basic, serial_shops, nicolae_shop_waterfront

Skill      XL: |  1  2  3 |
---------------+----------+-----
Spellcasting   | 3 |  3.0
Dodging        | |  1.7
Stealth        | |  1.7
Conjurations   | |  4.9

Action                   || total
-------------------------++-------
Melee: Unarmed           ||     1
       Whip              ||    12
 Cast: Magic Dart        ||    73
       Searing Ray       ||     4
Armor: Skin              ||    13
Dodge: Dodged            ||    10

Table legend: (Time is in decaauts)
 A = Elapsed time spent in this place.
 B = Non-inter-level travel time spent in this place.
 C = Inter-level travel time spent in this place.
 D = Time resting spent in this place.
 E = Time spent auto-exploring this place.
 F = Levels seen in this place.
 G = Mean time per level.
                   A        B        C        D        E       F      G
               +--------+--------+--------+--------+--------+-----+--------+
         Total |   2207 |   2172 |     35 |     42 |   1899 |   4 |  551.8 |
       Dungeon |   2207 |   2172 |     35 |     42 |   1899 |   4 |  551.8 |
               +--------+--------+--------+--------+--------+-----+--------+

Top non-repeatable levels by time:
     D:1: 1153 daAuts
     D:2: 818 daAuts
     D:6: 236 daAuts
